 Dungeon Crawl Stone Soup version 0.23-a0-143-g1adec7bb76 (webtiles) character file.

59 Holzbalken the Cudgeler (level 4, -1/28 HPs)
             Began as a Gargoyle Monk on Sept 1, 2018.
             Slain by a gnoll
             ... wielding a +0 spear
              (9 damage)
             ... on level 2 of the Dungeon.
             The game lasted 00:04:28 (1507 turns).

Holzbalken the Cudgeler (Gargoyle Monk)             Turns: 1507, Time: 00:04:29

Health: -1/28      AC:  6    Str: 15    XL:     4   Next: 3%
Magic:  4/4        EV: 12    Int: 11    God:
Gold:   38         SH:  3    Dex: 12    Spells: 3/3 levels left

rFire    . . .     SeeInvis .   a - +0 mace
rCold    . . .     Gourm    .   h - +0 buckler
rNeg     + . .     Faith    .   b - +0 robe
rPois    ∞         Spirit   .   (no helmet)
rElec    +         Reflect  .   k - +0 cloak
rCorr    .         Harm     .   (no gloves)
MR       .....                  (no boots)
Stlth    ++........             (no amulet)
HPRegen  0.09/turn              (no ring)
MPRegen  0.09/turn              (no ring)

@: no status effects
A: negative energy resistance 1, electricity resistance, unbreathing,
petrification resistance, rot immunity, AC +3
a: no special abilities


You were on level 2 of the Dungeon.
You were not hungry.

You visited 1 branch of the dungeon, and saw 2 of its levels.

You collected 38 gold pieces.

Inventory:

Hand Weapons
 a - a +0 mace (weapon)
Armour
 b - a +0 robe (worn)
 h - a +0 buckler (worn)
 k - a +0 cloak (worn)
 l - a +0 pair of gloves
Scrolls
 f - a scroll of fear {unknown}
 g - a scroll of teleportation {unknown}
 i - a scroll of magic mapping {unknown}
Potions
 e - a potion of agility {unknown}
 j - a potion of resistance {unknown}
Comestibles
 c - 5 rations
 d - 4 chunks of flesh


   Skills:
 - Level 3.2 Fighting
 * Level 4.5 Maces & Flails
 - Level 2.4 Dodging
 - Level 2.1 Stealth
 + Level 1.1 Shields


You had 3 spell levels left.
You didn't know any spells.
Your spell library was empty.

Dungeon Overview and Level Annotations

Branches:
Dungeon (2/15)

Altars:


Innate Abilities, Weirdness & Mutations

You are resistant to torment.
Your stone body is resilient. (AC +3)
You are immune to poison.
You resist negative energy. (rN+)
You are resistant to electric shocks. (rElec)
You can survive without breathing.
You are immune to petrification.
You are immune to rotting.


Message History

The gnoll barely misses you.
The gnoll hits you from afar with a spear.
You barely miss the gnoll.
The gnoll is lightly wounded.
The gnoll hits you but does no damage.
The gnoll hits you from afar with a spear.
The gnoll misses you.
Some of the chunks of flesh in your inventory have rotted away.
You hit the gnoll.
The gnoll is moderately wounded.
The gnoll closely misses you. The gnoll barely misses you.
You hit the gnoll.
The gnoll is severely wounded.
The gnoll hits you from afar with a spear.
* * * LOW HITPOINT WARNING * * *
The gnoll hits you but does no damage.
You hit the gnoll.
The gnoll is severely wounded.
The gnoll hits you from afar with a spear!
You die...

#######
#.....#####################
#..........................
#.....#####################
#####.# #... ######
#.#####.### ##.....
#.#...@...# #......
#####.#.###g#.# #....<.
#........g.g# #......
#.<....g.#### #......
#.............. ........
........g####### ###...###
###.!..(... #... #
#.....g### #... # #.....g#
#


You could see 2 gnolls.

Vanquished Creatures
  A gnoll (D:2)
  An adder (D:2)
  3 dart slugs (D:1)
  2 leopard geckos
  4 giant cockroaches
  3 goblins
  4 hobgoblins
  A kobold (D:2)
  A quokka (D:2)
  3 bats
  4 frilled lizards
  6 rats (D:1)
33 creatures vanquished.

Notes
Turn   | Place    | Note
-------+----------+-------------------------------------------
     0 | D:1      | Holzbalken the Gargoyle Monk began the quest for the Orb.
     0 | D:1      | Reached XP level 1. HP: 14/14 MP: 1/1
   142 | D:1      | Reached XP level 2. HP: 17/19 MP: 2/2
   718 | D:1      | Reached skill level 4 in Maces & Flails
   724 | D:1      | Reached XP level 3. HP: 14/23 MP: 3/3
  1499 | D:2      | Reached skill level 1 in Shields
  1499 | D:2      | Reached XP level 4. HP: 14/28 MP: 4/4
  1507 | D:2      | Slain by a gnoll

Vault maps used:
D:1:      minmay_arrival_stair_chambers

Skill      XL: |  1  2  3 |
---------------+----------+-----
Maces & Flails | 4 |  4.5
Shields        | 1 |  1.1
Fighting       | |  3.2
Dodging        | |  2.4
Stealth        | |  2.1

Action                   |  1- 3 |  4- 6 || total
-------------------------+-------+-------++-------
Melee: Mace              |   103 |     6 ||   109
 Stab: Sleeping          |     6 |       ||     6
  Eat: Chunk             |     2 |       ||     2
Armor: Robe              |    39 |     2 ||    41
Dodge: Dodged            |    60 |     5 ||    65
Block: Buckler           |     5 |       ||     5

Table legend:
 A = Non-vault XP
 B = Vault XP
 C = Vault XP percentage of total XP
 D = Non-vault monster count
 E = Vault monster count
 F = Vault count percentage of total count
                 A         B        C        D         E       F
            +---------+---------+-------+---------+---------+-------
      Total |      85 |       0 |   0.0 |      33 |       0 |   0.0
            +---------+---------+-------+---------+---------+-------
        D:1 |      36 |       0 |   0.0 |      19 |       0 |   0.0
        D:2 |      49 |       0 |   0.0 |      14 |       0 |   0.0
            +---------+---------+-------+---------+---------+-------
